 Dungeon Crawl Stone Soup version 0.27-a0-1177-g245c70e1c0 (console) character file.

Game seed: 8833276810761041921

17381 jejorda2 the Impaler (level 12, -7/89 HPs)
             Began as a Merfolk Berserker on May 16, 2021.
             Was an Elder of Trog.
             Mangled by a centaur warrior (10 damage)
             ... on level 8 of the Dungeon.
             The game lasted 00:27:33 (11089 turns).

jejorda2 the Impaler (Merfolk Berserker)           Turns: 11089, Time: 00:27:34

Health: -7/89      AC: 15    Str: 21    XL:     12   Next: 47%
Magic:  0/12       EV: 10    Int:  6    God:    Trog [****..]
Gold:   521        SH:  0    Dex: 21    Spells: 11/11 levels left

rFire    . . .     SeeInvis .   b - +3 trident (vamp)
rCold    . . .     Faith    .   (no shield)
rNeg     + . .     Spirit   +   m - +0 chain mail
rPois    .         Reflect  .   B - +1 helmet
rElec    .         Harm     .   j - +2 cloak
rCorr    +         Rampage  .   (no gloves)
Will     .....                  (no boots)
Stlth    ..........             e - amulet of guardian spirit
HPRegen  0.24/turn              A - ring of resist corrosion
MPRegen  0.13/turn              s - ring "Coda Nud" {rN+ Dex+6}

@: mighty, on berserk cooldown, slowed, studying Short Blades, very slow
A: (nimble swimmer 2), mertail
a: Renounce Religion, Berserk, Trog's Hand, Brothers in Arms


You were on level 8 of the Dungeon.
You worshipped Trog.
Trog was greatly pleased with you.
You visited 1 branch of the dungeon, and saw 8 of its levels.
You also visited: Ossuary.

You collected 521 gold pieces.

Inventory:

Hand Weapons
 a - a +2 halberd
 b - a +3 vampiric trident (weapon)
Missiles
 f - 51 poisoned darts
 n - 5 javelins (quivered)
 o - 5 boomerangs
 u - 2 throwing nets
Armour
 j - a +2 cloak (worn)
 m - a +0 chain mail (worn)
 B - a +1 helmet (worn)
 E - a +2 chain mail of cold resistance
Jewellery
 e - an amulet of guardian spirit (around neck)
 s - the ring "Coda Nud" (right hand) {rN+ Dex+6}
   (You found it on level 6 of the Dungeon)

   [ring of dexterity]

   It affects your dexterity (+6).
   It protects you from negative energy.
 A - a ring of resist corrosion (left hand)
Wands
 k - a wand of polymorph (21)
 w - a wand of iceblast (20)
 y - a wand of mindburst (9)
Scrolls
 g - a scroll of magic mapping
 h - 5 scrolls of teleportation
 l - a scroll of identify
 r - a scroll of enchant weapon
 t - a scroll of blinking
Potions
 c - 2 potions of might
 d - 3 potions of invisibility
 i - 3 potions of magic
 p - 4 potions of curing
 q - 4 potions of brilliance
 x - a potion of resistance
 z - a potion of flight
 C - 2 potions of attraction
Miscellaneous
 D - a condenser vane


   Skills:
 + Level 6.4 Fighting
 - Level 20.0 Polearms
 * Level 6.5 Armour
 + Level 4.0 Dodging
 - Level 7.3 Evocations


You had 11 spell levels left.
You didn't know any spells.
Your spell library was empty.

Dungeon Overview and Level Annotations

Branches:
Dungeon (8/15)             Temple (0/1) D:6         Ossuary (visited)
   Lair: D:8-11

Altars:
Cheibriados
Dithmenos
Elyvilon
Fedhas
Makhleb
Nemelex Xobeh
Ru
Sif Muna
Trog
Xom


Innate Abilities, Weirdness & Mutations

((You are quick and stealthy near water. (Stealth+, EV+, Speed+++)))
Your lower body shifts to a powerful aquatic tail in water.


Message History

The death knight is severely wounded.
The death knight invokes the aid of Yredelemnul against you.
Your body is wracked with pain!
* * * LOW HITPOINT WARNING * * *
You completely miss the death knight.
The death knight is severely wounded.
You puncture the death knight!
You feel better.
The death knight is almost dead.
The death knight mumbles some strange prayers to Yredelemnul against you.
You resist with almost no effort.
You impale the death knight!!
You feel better.
You kill the death knight!
Trog accepts your kill.
The centaur warrior shoots an arrow.
The arrow hits you!
* * * LOW HITPOINT WARNING * * *
Your Dodging skill increases to level 4!
Okay, then.
Your skin stops crawling.
You feel less strong-willed.
The centaur warrior unwields a +0 longbow.
The centaur warrior hits you.
* * * LOW HITPOINT WARNING * * *
The centaur warrior kicks you but does no damage.
Items here: ) = [.
You puncture the centaur warrior!
The centaur warrior is lightly wounded.
The centaur warrior hits you!
* * * LOW HITPOINT WARNING * * *
The centaur warrior kicks you but does no damage.
You hit the centaur warrior.
You feel better.
The centaur warrior is moderately wounded.
The centaur warrior hits you but does no damage.
The centaur warrior kicks you but does no damage.
The centaur warrior hits you!
* * * LOW HITPOINT WARNING * * *
The centaur warrior kicks you.
* * * LOW HITPOINT WARNING * * *
You impale the centaur warrior!!
The centaur warrior is heavily wounded.
The centaur warrior hits you!
You die...

##....##
#................#
#.....##
#.)..............#
##.....#
#................#
###..>###...............##
###..#*#.............##
##.###............##
##.##...........##
#..#..........## ###
##.@c........#####..
#..##...............
#######..##########. ####
##


You could see a centaur warrior.

Vanquished Creatures
  2 death knights (D:8)
  2 two-headed ogres (D:8)
  Pikel (D:7)
  A deep elf pyromancer (D:8)
  A manticore (D:8)
  An ugly thing (D:8)
  2 cyclopes (D:8)
  Psyche (D:8)
  Maggie (D:7)
  An unseen horror (D:6)
  A slime creature (D:6)
  Sigmund (D:5)
  2 steam dragons
  Menkaure (Ossuary)
  3 water moccasins (D:8)
  An orc warrior (D:7)
  2 ice beasts
  A hornet zombie (D:5)
  2 black bears
  An ogre (D:6)
  3 necrophages
  5 centaurs
  A kobold brigand (D:7)
  7 bullfrogs
  2 wyvern zombies (D:7)
  5 scorpions
  7 killer bees
  2 bullfrog zombies
  4 jellies
  3 centaur skeletons
  2 orc priests (D:3)
  A hound (D:4)
  Crazy Yiuf (D:2)
  2 gnoll shamans
  2 iguanas (D:4)
  2 orc wizards (D:8)
  A killer bee zombie (D:5)
  A hound zombie (D:5)
  3 mummies (Ossuary)
  4 howler monkey zombies
  4 gnolls (D:5)
  2 adders
  A howler monkey skeleton (D:5)
  2 shadow imps
  An ufetubus (D:5)
  4 worms
  7 dart slugs
  16 orcs
  11 ball pythons
  9 bats
  6 endoplasms
  15 giant cockroaches
  7 goblins
  4 hobgoblins
  4 jackals (D:2)
  5 quokkas
  3 frilled lizards
  5 gnoll skeletons (Ossuary)
  6 gnoll zombies (Ossuary)
  A goblin skeleton (Ossuary)
  2 goblin zombies (Ossuary)
  4 hobgoblin skeletons (Ossuary)
  3 hobgoblin zombies (Ossuary)
  10 kobolds
  4 kobold skeletons (Ossuary)
  3 kobold zombies (Ossuary)
  2 orc skeletons (Ossuary)
  6 orc zombies (Ossuary)
  5 rats
  7 rat skeletons (Ossuary)
  5 rat zombies (Ossuary)
250 creatures vanquished.

Vanquished Creatures (collateral kills)
  An ice beast (D:8)
  An orc (D:4)
2 creatures vanquished.

Vanquished Creatures (others)
  An orc (D:8)
  A hobgoblin skeleton (Ossuary)
  A kobold skeleton (Ossuary)
3 creatures vanquished.

Grand Total: 255 creatures vanquished

Notes
Turn   | Place    | Note
-------+----------+-------------------------------------------
     0 | D:1      | jejorda2 the Merfolk Berserker began the quest for the Orb.
     0 | D:1      | Reached XP level 1. HP: 18/18 MP: 1/1
    33 | D:1      | Reached XP level 2. HP: 24/24 MP: 2/2
   277 | D:1      | Reached skill level 5 in Polearms
   638 | D:1      | Reached XP level 3. HP: 29/29 MP: 3/3
  1433 | D:2      | Reached ** piety under Trog
  1573 | D:2      | Reached XP level 4. HP: 31/37 MP: 2/4
  1585 | D:2      | Reached skill level 6 in Polearms
  1875 | D:2      | Found a runed translucent door.
  1876 | D:2      | Noticed Crazy Yiuf
  1884 | D:2      | Killed Crazy Yiuf
  2235 | D:3      | Reached XP level 5. HP: 42/42 MP: 5/5
  2240 | D:3      | Reached skill level 7 in Polearms
  2300 | D:3      | You fall into a shaft and drop 2 floors!
  2300 | D:5      | Entered Level 5 of the Dungeon
  2456 | D:4      | Found a sand-covered staircase.
  2468 | Ossuary  | Entered an ossuary
  2500 | Ossuary  | Reached *** piety under Trog
  2751 | Ossuary  | Reached XP level 6. HP: 49/49 MP: 6/6
  3299 | Ossuary  | Noticed Menkaure
  3331 | Ossuary  | Killed Menkaure
  3332 | Ossuary  | Reached skill level 8 in Polearms
  3523 | D:4      | Reached **** piety under Trog
  3745 | D:4      | Reached skill level 5 in Fighting
  3745 | D:4      | Reached XP level 7. HP: 56/56 MP: 7/7
  4177 | D:3      | Found a sparkling altar of Nemelex Xobeh.
  4370 | D:3      | Found a snail-covered altar of Cheibriados.
  4383 | D:3      | Found a blossoming altar of Fedhas.
  4449 | D:3      | Found a shimmering blue altar of Sif Muna.
  4644 | D:5      | Reached skill level 9 in Polearms
  5138 | D:5      | Noticed Sigmund
  5145 | D:5      | Killed Sigmund
  5146 | D:5      | Reached skill level 10 in Polearms
  5146 | D:5      | Reached XP level 8. HP: 64/64 MP: 8/8
  5360 | D:5      | Found a shadowy altar of Dithmenos.
  5869 | D:6      | Found a staircase to the Ecumenical Temple.
  5886 | D:6      | Reached skill level 11 in Polearms
  6063 | D:6      | Noticed a moth of wrath
  6065 | D:6      | Found a bloodstained altar of Trog.
  6355 | D:6      | Reached skill level 12 in Polearms
  6640 | D:6      | Identified the ring "Coda Nud" {rN+ Dex+6}
  6867 | D:6      | Reached XP level 9. HP: 55/69 MP: 7/9
  7321 | D:7      | Reached skill level 13 in Polearms
  7332 | D:7      | Reached skill level 5 in Armour
  7419 | D:7      | Noticed Pikel
  7428 | D:7      | Killed Pikel
  7429 | D:7      | Reached skill level 14 in Polearms
  7532 | D:6      | Killed an unseen horror
  7716 | D:7      | Reached XP level 10. HP: 65/76 MP: 7/10
  7732 | D:7      | Reached skill level 15 in Polearms
  7800 | D:7      | Noticed Maggie
  7817 | D:7      | Killed Maggie
  7881 | D:7      | Found a white marble altar of Elyvilon.
  8547 | D:8      | Reached skill level 16 in Polearms
  8558 | D:8      | Found a shimmering altar of Xom.
  8566 | D:8      | Found a burning altar of Makhleb.
  8686 | D:8      | Reached ***** piety under Trog
  8761 | D:8      | Found a sacrificial altar of Ru.
  8863 | D:8      | Noticed a two-headed ogre
  8867 | D:8      | Killed a two-headed ogre
  8868 | D:8      | Reached skill level 17 in Polearms
  8955 | D:8      | Noticed a two-headed ogre
  8964 | D:8      | Killed a two-headed ogre
  9094 | D:8      | Reached skill level 18 in Polearms
  9180 | D:8      | Noticed a manticore
  9180 | D:8      | Noticed a death knight
  9180 | D:8      | Noticed a death knight
  9180 | D:8      | Noticed a cyclops
  9180 | D:8      | Noticed a cyclops
  9180 | D:8      | Noticed a centaur warrior
  9180 | D:8      | Noticed a deep elf pyromancer
  9183 | D:8      | Noticed a red ugly thing
  9184 | D:8      | Noticed Psyche
  9306 | D:7      | Reached XP level 11. HP: 81/81 MP: 8/11
  9316 | D:8      | Killed Psyche
  9415 | D:8      | Killed a deep elf pyromancer
  9461 | D:8      | Killed a manticore
  9462 | D:8      | Reached skill level 19 in Polearms
  9657 | D:8      | Killed a cyclops
  9697 | D:8      | Identified the +7 spear of Disaster {vamp, rN+ Will- Int+7}
  9790 | D:8      | Reached skill level 1 in Evocations
 10003 | D:8      | Reached skill level 20 in Polearms
 10003 | D:8      | Reached XP level 12. HP: 88/88 MP: 12/12
 10203 | D:8      | Found a shimmering altar of Xom.
 10239 | D:8      | Found a burning altar of Makhleb.
 10461 | D:8      | Killed a death knight
 10925 | D:8      | Found a sacrificial altar of Ru.
 11074 | D:8      | HP: 3/133 [death knight/+3 glaive (15)]
 11085 | D:8      | Killed a death knight
 11088 | D:8      | HP: 3/89 [centaur warrior (3)]
 11089 | D:8      | Mangled by a centaur warrior

Illustrated notes

Levels and vault maps discovered:
D:1:      dpeg_arrival_stonehenge_8_columns, layout_loops_corners
D:2:      minmay_roachtagon, layout_rooms, minivault_26, uniq_crazy_yiuf_cottage
D:3:      layout_rooms, lemuel_tele_altar, lemuel_blue_sif_altar,
          amcnicky_altar_gilded, overflow_temple_1_default
D:4:      layout_gridville, nicolae_ossuary_entry_ruins
D:5:      layout_cave_pods, nicolae_dithmenos_through_a_glass_darkly,
          serial_column_ruins, column_ruins_grid_1, column_ruins_grid_4,
          column_ruins_corridor_straight, column_ruins_open_small,
          column_ruins_columns_corner, column_ruins_columns_straight,
          uniq_sigmund
D:6:      layout_basic, tgw_trog, minmay_temple_entry_waves, minmay_crossroads
D:7:      layout_cave_pools, nicolae_elyvilon_peaceful_grove, serial_park,
          serial_park_square3 [serial_park_minivault_5x5_3], serial_park_tiny_2,
          serial_park_square1 [serial_park_minivault_5x5_4], minmay_manual_mail,
          uniq_pikel, uniq_maggie
D:8:      minmay_the_grid_octo_tiled_squarecenter [minmay_the_grid_octo_empty,
          minmay_the_grid_octo_focus, minmay_the_grid_octo_clover,
          minmay_the_grid_octo_horde,
          minmay_the_grid_square_5x5_megaprize_diamond,
          minmay_the_grid_square_5x5_checkered, minmay_the_grid_square_5x5_comb,
          minmay_the_grid_square_5x5_spiral,
          minmay_the_grid_square_5x5_detours], layout_cave_pods,
          nicolae_overflow_crystal_walls, lemuel_coloured_pillars_altar,
          lemuel_crystal_altar, kennysheep_generic_room_9, uniq_psyche

Skill      XL: |  1  2  3  4  5  6  7  8  9 10 11 12 |
---------------+-------------------------------------+-----
Polearms       | 5 6 7 8 10 12 14 18 20 | 20.0
Armour         | 2 3 4 5 6 |  6.5
Fighting       | 4 5 6 |  6.4
Evocations     | 7 |  7.3
Dodging        | 4 |  4.0

Action                   |  1- 3 |  4- 6 |  7- 9 | 10-12 || total
-------------------------+-------+-------+-------+-------++-------
Melee: Spear             |   114 |    32 |       |       ||   146
       Trident           |       |   229 |   296 |   238 ||   763
       Halberd           |       |       |       |    12 ||    12
Throw: Dart              |       |       |     7 |    32 ||    39
       Javelin           |       |       |       |     1 ||     1
Invok: Berserk           |     1 |     3 |     4 |     6 ||    14
       Trog's Hand       |       |     2 |     2 |     6 ||    10
       Brothers in Arms  |       |       |       |     2 ||     2
Evoke: Wand              |       |       |       |     1 ||     1
  Use: Scroll            |       |     7 |     5 |    12 ||    24
       Potion            |       |       |       |     4 ||     4
 Stab: Sleeping          |     2 |     1 |       |       ||     3
       Distracted        |       |     1 |       |       ||     1
Armor: Animal skin       |    13 |     3 |       |       ||    16
       Leather armour    |       |    17 |       |       ||    17
       Chain mail        |       |    29 |    92 |    69 ||   190
Dodge: Dodged            |    44 |    65 |    83 |    62 ||   254

Table legend: (Time is in decaauts)
 A = Elapsed time spent in this place.
 B = Non-inter-level travel time spent in this place.
 C = Inter-level travel time spent in this place.
 D = Time resting spent in this place.
 E = Time spent auto-exploring this place.
 F = Levels seen in this place.
 G = Mean time per level.
                   A        B        C        D        E       F      G
               +--------+--------+--------+--------+--------+-----+--------+
         Total |  10995 |  10456 |    539 |   1250 |   7301 |   9 | 1221.7 |
       Dungeon |   9998 |   9459 |    539 |   1004 |   6842 |   8 | 1249.8 |
       Ossuary |    997 |    997 |      0 |    245 |    459 |   1 |  997.0 |
               +--------+--------+--------+--------+--------+-----+--------+

Top non-repeatable levels by time:
     D:8: 2471 daAuts
     D:6: 1707 daAuts
     D:1: 1287 daAuts
     D:5: 1125 daAuts
     D:7: 1107 daAuts
 Ossuary: 997 daAuts
     D:4: 846 daAuts
     D:2: 811 daAuts
     D:3: 640 daAuts
